 Dungeon Crawl Stone Soup version 0.20.0 (webtiles) character file.

618 Danakh the Magician (level 7, -1/48 HPs)
             Began as a Mummy Arcane Marksman on May 31, 2017.
             Was an Initiate of Vehumet.
             Slain by a centaur (6 damage)
             ... on level 5 of the Dungeon.
             The game lasted 00:21:35 (6291 turns).

Danakh the Magician (Mummy Arcane Marksman)         Turns: 6291, Time: 00:21:36

Health: -1/48      AC:  7    Str: 13    XL:     7   Next: 21%
Magic:  5/17       EV: 16    Int: 17    God:    Vehumet [......]
Gold:   297        SH:  0    Dex: 12    Spells: 14/20 levels left

rFire    x . .     SeeInvis .   a - +0 shortbow
rCold    + . .     Gourm    .   (shield currently unavailable)
rNeg     + + +     Faith    .   e - +0 robe
rPois    ∞         Spirit   .   l - +2 helmet
rElec    .         Reflect  .   (no cloak)
rCorr    .         Harm     .   b - +1 pair of gloves
MR       .....                  (no boots)
Stlth    +.........             t - amulet of magic regeneration
Regen    0.2/turn               r - +2 ring of intelligence
MPRegen  0.3/turn               j - +4 ring of evasion

@: very slightly contaminated
A: no food or potions, fire vulnerability, cold resistance 1, negative energy
resistance 3, torment resistance, unbreathing
a: Renounce Religion


You were on level 5 of the Dungeon.
You worshipped Vehumet.
Vehumet was noncommittal.
You were not hungry.

You visited 2 branches of the dungeon, and saw 6 of its levels.

You collected 297 gold pieces.

Inventory:

Hand Weapons
 a - a +0 shortbow (weapon)
 h - a +0 short sword
Missiles
 d - 26 arrows (quivered)
Armour
 b - a +1 pair of gloves (worn)
 e - a +0 robe (worn)
 l - a +2 helmet (worn)
 n - a +2 hat of intelligence
Jewellery
 i - an uncursed ring of fire
 j - a +4 ring of evasion (right hand)
 k - an uncursed ring of see invisible
 r - a +2 ring of intelligence (left hand)
 t - an amulet of magic regeneration (around neck)
Scrolls
 f - 2 scrolls of teleportation {unknown}
 g - 3 scrolls of enchant weapon {unknown}
 m - 2 scrolls of magic mapping {unknown}
 o - 2 scrolls of noise {unknown}
 p - 3 scrolls of identify {unknown}
 q - 2 scrolls of enchant armour {unknown}
 s - 2 scrolls of remove curse {unknown}
Books
 c - a book of Debilitation

   Spells                             Type                      Level
   a - Corona                         Hexes                        1
   b - Slow                           Hexes                        2
   c - Inner Flame                    Hexes/Fire                   3
   d - Portal Projectile              Hexes/Translocation          3
   e - Cause Fear                     Hexes                        4
   f - Leda's Liquefaction            Hexes/Earth                  4


   Skills:
 - Level 1.0 Fighting
 - Level 1.5 Bows
 - Level 1.5 Dodging
 + Level 7.0 Spellcasting
 - Level 5.5 Hexes


You had 14 spell levels left.
You knew the following spells:

 Your Spells              Type           Power        Failure   Level  Hunger
a - Corona                Hex            ###....      1%          1    N/A
f - Slow                  Hex            ###.....     1%          2    N/A
z - Portal Projectile     Hex/Tloc       ###...       11%         3    N/A

Dungeon Overview and Level Annotations

Branches:
Dungeon (5/15)             Temple (1/1) D:5

Altars:
Cheibriados
Dithmenos
Elyvilon
Fedhas
Gozag
Hepliaklqana
Kikubaaqudgha
Makhleb
Nemelex Xobeh
Okawaru
Qazlal
Ru
Sif Muna
Trog
Uskayaw
Vehumet
Xom
Zin


Innate Abilities, Weirdness & Mutations

You do not eat or drink.
Your flesh is vulnerable to fire.
You are immune to poison.
Your flesh is cold resistant. (rC+)
You are immune to negative energy. (rN+++)
You are immune to unholy pain and torment.
You can survive without breathing.


Message History

The centaur is severely wounded.
You are no longer teleporting projectiles to their destination.
The centaur hits you.
* * * LOW HITPOINT WARNING * * *
The centaur hits you.
* * * LOW HITPOINT WARNING * * *
Firing (i - inventory):
d - 28 arrows (quivered)
Press: ? - help, Shift-Dir - straight line, f/p - centaur
Aim: a centaur (severely wounded)
You shoot an arrow. The arrow closely misses the centaur.
The centaur barely misses you.
Firing (i - inventory):
d - 27 arrows (quivered)
Press: ? - help, Shift-Dir - straight line, f/p - centaur
Aim: a centaur (severely wounded)
You shoot an arrow. The arrow hits the centaur.
The centaur is severely wounded.
The centaur hits you.
* * * LOW HITPOINT WARNING * * *
The centaur hits you.
You die...

......( ....... ...
####### .(..(?. .#.#
#.....# ...(... .#.#
#.....# ..(.. ...#
#.....# .(. ...#
#.....#####c##.# ...#
#.....##..@....#
...######.####......##
.>.....##.#...(....>#
...###.##.#.##......#
...###....#.##.[....#
....####).#.........#
...###.......#.>....#
##.# ####.####....).#
#.# #..# #.##.###


You could see a centaur.

Vanquished Creatures
  Sigmund (D:3)
  A phantom (D:4)
  An ogre (D:5)
  The ghost of Danakh the Skirmisher, an amateur GrBe of Trog (D:3)
  An orc priest (D:4)
  2 worker ants
  A worker ant zombie (D:5)
  Robin (D:2)
  5 adders
  An adder skeleton (D:4)
  A worm (D:2)
  A leopard gecko (D:4)
  6 orcs
  6 giant cockroaches
  16 goblins
  5 hobgoblins
  2 jackals (D:2)
  5 kobolds
  A bat (D:4)
  8 frilled lizards
  7 rats
73 creatures vanquished.

Notes
Turn   | Place    | Note
-------+----------+-------------------------------------------
     0 | D:1      | Danakh the Mummy Arcane Marksman began the quest for the Orb.
     0 | D:1      | Reached XP level 1. HP: 15/15 MP: 2/2
   373 | D:1      | Reached XP level 2. HP: 21/21 MP: 4/4
   447 | D:1      | Reached skill level 2 in Spellcasting
   757 | D:1      | Learned a level 2 spell: Slow
  1562 | D:2      | Noticed Robin
  1582 | D:2      | Reached XP level 3. HP: 26/26 MP: 6/6
  1638 | D:2      | Killed Robin
  1638 | D:2      | Reached skill level 3 in Spellcasting
  1818 | D:2      | Learned a level 3 spell: Portal Projectile
  2092 | D:2      | Reached XP level 4. HP: 27/32 MP: 9/9
  2203 | D:3      | Noticed Danakh's ghost (amateur GrBe)
  2859 | D:3      | Killed Danakh's ghost
  2859 | D:3      | Reached skill level 4 in Spellcasting
  2859 | D:3      | Reached XP level 5. HP: 11/37 MP: 2/11
  3003 | D:3      | Noticed Sigmund
  3810 | D:3      | HP: 1/37 [Sigmund/scythe (3)]
  3812 | D:3      | Killed Sigmund
  3812 | D:3      | Reached skill level 5 in Spellcasting
  3812 | D:3      | Reached skill level 5 in Hexes
  3812 | D:3      | Reached XP level 6. HP: 1/43 MP: 5/14
  4816 | D:4      | Reached skill level 6 in Spellcasting
  4970 | D:4      | Found a hide-covered altar of Uskayaw.
  5002 | D:4      | Found a shadowy altar of Dithmenos.
  5464 | D:4      | Found a sacrificial altar of Ru.
  5704 | D:4      | Reached XP level 7. HP: 12/48 MP: 3/16
  5946 | D:5      | Entered Level 5 of the Dungeon
  6006 | D:5      | Found a staircase to the Ecumenical Temple.
  6011 | Temple   | Entered the Ecumenical Temple
  6108 | Temple   | Became a worshipper of Vehumet
  6223 | D:5      | Reached skill level 7 in Spellcasting
  6291 | D:5      | Slain by a centaur

Skill      XL: |  1  2  3  4  5  6  7 |
---------------+----------------------+-----
Hexes          | 3 4 5 |  5.5
Spellcasting   | 2 3 4 5 6 7 |  7.0
Fighting       | |  1.0
Bows           | |  1.5
Dodging        | |  1.5

Action                   |  1- 3 |  4- 6 |  7- 9 || total
-------------------------+-------+-------+-------++-------
 Fire: Shortbow          |   114 |   201 |    30 ||   345
 Cast: Corona            |     5 |    10 |     5 ||    20
       Portal Projectile |     1 |    11 |     3 ||    15
       Slow              |       |     9 |     2 ||    11
Armor: Robe              |    13 |    28 |     2 ||    43
Dodge: Dodged            |    46 |   116 |    22 ||   184
